 Dungeon Crawl Stone Soup version 0.30-a0-743-gbfdf073431 (webtiles) character file.

Game seed: 13190809308133811735

55930 Iich the Executioner (level 14, -2/148 HPs)
             Began as a Minotaur Fighter on Feb 6, 2023.
             Was an Initiate of Gozag.
             Slain by a centaur warrior (3 damage)
             ... on level 13 of the Dungeon.
             The game lasted 00:26:52 (17872 turns).

Iich the Executioner (Minotaur Fighter)            Turns: 17872, Time: 00:26:52

Health: -2/148     AC: 21    Str: 31    XL:     14   Next: 40%
Magic:  13/13      EV: 10    Int:  4    God:    Gozag
Gold:   3466       SH: 17    Dex: 14    Spells: 13/13 levels left

rFire   + + .      SeeInvis .    T - +3 broad axe (heavy)
rCold   + + +      Faith    .    J - +1 tower shield {AC+3}
rNeg    . . .      Spirit   .    E - +3 plate armour {rC+}
rPois   .          Reflect  .    (helmet restricted)
rElec   .          Harm     .    Q - scarf {rC+ rF+}
rCorr   .          Rampage  .    N - +0 pair of gloves
Will    .....                    k - +2 pair of boots Stlth
                                 (no amulet)
HPRegen 1.24/turn                c - ring of Saemist {rF+ rC+ Will- Str+6}
MPRegen 0.13/turn                z - +5 ring of evasion

@: gold aura
A: horns 2, retaliatory headbutt, regeneration 1, strong 1, wild magic 1
a: Renounce Religion, Potion Petition, Call Merchant, Bribe Branch


You were on level 13 of the Dungeon.
You worshipped Gozag.
Gozag was most pleased with you.
You visited 3 branches of the dungeon, and saw 19 of its levels.

You collected 4841 gold pieces.
You spent 897 gold pieces at shops.
You paid 478 gold pieces to Gozag.

Inventory:

Hand Weapons
 a - a +0 war axe
 t - the +8 war axe "Zameh" {distort, Will+}
   (You found it on level 11 of the Dungeon)

   Will:      It increases your willpower.
 T - a +3 heavy broad axe (weapon)
Missiles
 B - a throwing net (quivered)
Armour
 k - a +2 pair of boots (worn)
 E - a +3 plate armour of cold resistance (worn)
 J - a +1 tower shield of protection (worn)
 M - the +1 cloak "Hibuzxe" {*Corrode rN+ Str+2 Stlth+}
   (You acquired it on level 10 of the Dungeon)

   Str:       It affects your strength (+2).
   rN:        It protects you from negative energy.
   *Corrode:  It may corrode you when you take damage.
   Stlth:     It makes you more stealthy.
 N - a +0 pair of gloves (worn)
 Q - a scarf of resistance (worn)
Jewellery
 b - a ring of magical power
 c - the ring of Saemist (left hand) {rF+ rC+ Will- Str+6}
   (You found it on level 11 of the Dungeon)

   [ring of protection from fire]

   Str:       It affects your strength (+6).
   rF:        It protects you from fire.
   rC:        It protects you from cold.
   Will:      It decreases your willpower.
 g - a +4 ring of protection
 o - a ring of protection from cold
 s - a +4 ring of protection
 u - a ring of resist corrosion
 x - a ring of ice
 z - a +5 ring of evasion (right hand)
 G - an amulet of guardian spirit
 I - a ring of fire
 X - a ring of protection from cold
Wands
 y - a wand of paralysis (12)
 A - a wand of flame (71)
 F - a wand of digging (7)
 S - a wand of light (9)
 Y - a wand of iceblast (8)
Scrolls
 j - 4 scrolls of fog
 l - a scroll of vulnerability
 m - 4 scrolls of fear
 p - a scroll of noise
 w - 6 scrolls of teleportation
 C - a scroll of blinking
 D - a scroll of poison
 K - 2 scrolls of identify
 L - a scroll of immolation
 P - 2 scrolls of amnesia
 R - a scroll of magic mapping
 Z - a scroll of torment {unknown}
Potions
 d - 4 potions of might
 e - 5 potions of brilliance
 f - 3 potions of haste
 h - 2 potions of lignification
 i - 12 potions of curing
 n - 3 potions of mutation
 q - 2 potions of heal wounds
 r - a potion of attraction
 v - a potion of degeneration
 H - a potion of berserk rage {unknown}
 O - 4 potions of ambrosia
 U - a potion of flight
 V - a potion of invisibility


   Skills:
 + Level 20.1 Fighting
 * Level 22.7 Axes
 - Level 3.6 Armour
 - Level 10.8 Shields


You had 13 spell levels left.
You didn't know any spells.
Your spell library contained the following spells:

 Spells                   Type           Power      Damage    Failure   Level
 Apportation              Tloc           0%         N/A       100%        1
 Magic Dart               Conj           0%         1d3       100%        1
 Necrotise                Necr           0%         1d4       100%        1
 Blink                    Tloc           0%         N/A       100%        2
 Call Imp                 Summ           0%         N/A       100%        2
 Cigotuvi's Dreadful Rot  Necr/Pois/Air  0%         N/A       100%        2
 Lesser Beckoning         Tloc           0%         N/A       100%        2
 Momentum Strike          Conj/Tloc      0%         3d8       100%        2
 Sublimation of Blood     Necr           0%         N/A       100%        2
 Wereblood                Tmut           0%         N/A       100%        2
 Ignite Poison            Fire/Tmut/Pois 0%         N/A       100%        3
 Kindle Blastsparks       Fire/Tloc/Air  0%         2d10      100%        3
 Mephitic Cloud           Conj/Pois/Air  0%         N/A       100%        3
 Vampiric Draining        Necr           0%         2d6       100%        3
 Anguish                  Hex/Necr       0%         N/A       100%        4
 Dispel Undead            Necr           0%         3d6       100%        4
 Fulminant Prism          Conj/Hex       0%         3d5       100%        4
 Iskenderun's Mystic Bla  Conj/Tloc      0%         2d3       100%        4
 Olgreb's Toxic Radiance  Pois           0%         N/A       100%        4
 Petrify                  Tmut/Erth      0%         N/A       100%        4
 Summon Lightning Spire   Summ/Air       0%         N/A       100%        4
 Agony                    Necr           0%         N/A       100%        5
 Alistair's Intoxication  Tmut/Pois      0%         N/A       100%        5
 Freezing Cloud           Conj/Ice/Air   0%         6-21      100%        5
 Irradiate                Conj/Tmut      0%         3d11      100%        5
 Lee's Rapid Deconstruct  Erth           0%         3d4*      100%        5
 Summon Forest            Summ/Tloc      0%         N/A       100%        5
 Summon Mana Viper        Hex/Summ       0%         N/A       100%        5
 Death Channel            Necr           0%         N/A       100%        6
 Summon Cactus Giant      Summ           0%         N/A       100%        6
 Enfeeble                 Hex            0%         N/A       100%        7
 Ozocubu's Refrigeration  Ice            0%         4d7       100%        7
 Storm Form               Tmut/Air       0%         N/A       100%        7
 Summon Hydra             Summ           0%         N/A       100%        7
 Ignition                 Fire           0%         3d3       100%        8
 Maxwell's Capacitive Co  Air            0%         ∞         100%        8
 Polar Vortex             Ice            0%         N/A       100%        9
 Simulacrum               Ice/Necr       Unusable   N/A       N/A         6

Dungeon Overview and Level Annotations

Branches:
Dungeon (13/15)            Temple (1/1) D:5            Lair (5/5) D:8
  Swamp (0/4) Lair:3       Spider (0/4) Lair:3        Slime (0/5) Lair:4
    Orc (0/2) D:9
 Vaults: D:13-14

Altars:
Ashenzari
Cheibriados
Dithmenos
Elyvilon
Fedhas
Gozag
Hepliaklqana
Kikubaaqudgha
Makhleb
Nemelex Xobeh
Okawaru
Qazlal
Ru
Sif Muna
Trog
Uskayaw
Vehumet
Wu Jian
Xom
Yredelemnul
Zin
The Shining One
Lugonu

Shops:
D:1 (   D:3 !   D:8 [

Portals:
Abyss: Lair:5

Annotations:
D:13 Rupert
Lair:5 2 transporters, exclusion: oklob plant, timneilson's ghost, journeyman GrFi


Innate Abilities, Weirdness & Mutations

You have a pair of horns on your head.
You reflexively headbutt those who attack you in melee.
Your natural rate of healing is unusually fast.
Your muscles are strong. (Str +4, Int/Dex -1)
Your spells are a little harder to cast, but a little more powerful.


Message History

You slash the centaur!
You kill the centaur!
You lop one of the six-headed hydra's heads off!
The five-headed hydra grows two more!
You hit the seven-headed hydra. You barely miss the centaur warrior.
The seven-headed hydra misses you. You furiously retaliate!
You headbutt the seven-headed hydra!!
You block the seven-headed hydra's attack.
The seven-headed hydra bites you but does no damage.
You block the seven-headed hydra's attack.
The seven-headed hydra closely misses you.
The seven-headed hydra barely misses you.
The seven-headed hydra bites you but does no damage.
Rupert hits you with a +1 heavy great mace!!
* * * LOW HITPOINT WARNING * * *
The centaur warrior hits you but does no damage.
The centaur warrior kicks you but does no damage.
The tengu warrior shoots a bolt.
You block the bolt.
You slice Rupert like a ripe choko!!! You headbutt Rupert.
Rupert is severely wounded.
You slice the centaur!!
You kill the centaur!
You slice the centaur warrior!!
You chop one of the seven-headed hydra's heads off!
The six-headed hydra grows two more!
You slice the eight-headed hydra!! The centaur warrior barely misses you.
You block the centaur warrior's attack.
You block the eight-headed hydra's attack. x2
The eight-headed hydra bites you but does no damage.
The eight-headed hydra bites you.
* * * LOW HITPOINT WARNING * * *
The eight-headed hydra closely misses you.
The eight-headed hydra bites you but does no damage.
The eight-headed hydra misses you.
You block the eight-headed hydra's attack.
Rupert hits you with a +1 heavy great mace!!!
* * * LOW HITPOINT WARNING * * *
The centaur barely misses you. You furiously retaliate!
You headbutt the centaur, but do no damage.
The centaur barely misses you. The centaur warrior hits you.
You die...
Your body crumbles into a pile of gold.

#..# #..# ########
######.Q###########
<.......
.......Q...........
........
..$.........>....
########
#...............
#............... $
#....D..........
#...@@c.........
#...cc..........
#...............
#.....$.........
#...............
#####
######...............
.....
.....................
.....
.........############
#### #######..#


You could see Rupert (berserk), an eight-headed hydra, a tengu warrior, a
centaur warrior, a tengu conjurer and 2 centaurs.

Vanquished Creatures
  Josephine (D:12)
  An ice dragon (Lair:4)
  Erolcha (D:11)
  Erica (D:10)
  A hydra (D:13)
  3 boulder beetles
  A centaur warrior (D:11)
  2 catoblepae (Lair:4)
  A two-headed ogre (D:8)
  The ghost of Splishie the Thaumaturge, a novice GnWn (D:7)
  9 death yaks
  3 thrashing horrors (Lair:5)
  Urug (D:13)
  An orc high priest (D:11)
  2 large abominations (Lair:5)
  2 bog bodies (Lair:3)
  Pikel (D:9)
  A deep elf pyromancer (D:12)
  An orc sorcerer (D:11)
  5 ugly things
  2 manticores (Lair:4)
  5 smoke demons (Lair:5)
  9 elephants
  A black mamba (Lair:5)
  10 cane toads
  3 gargoyles
  A torpor snail (Lair:5)
  2 unseen horrors
  6 kobold demonologists (D:11)
  5 komodo dragons
  An efreet (D:8)
  A queen bee (D:11)
  An ancient zyme (Lair:5)
  2 trolls
  A polar bear (Lair:5)
  7 dream sheep (Lair:3)
  A hornet (D:8)
  A tarantella (shapeshifter) (Lair:5)
  Prince Ribbit (D:6)
  15 blink frogs
  2 shadows (D:12)
  16 yaks
  A spriggan (Lair:5)
  7 wraiths
  5 wyverns
  7 basilisks
  Eustachio (D:4)
  4 vampire mosquitoes (D:12)
  2 acid dragons
  7 water moccasins
  4 orc warriors
  A sky beast (D:6)
  3 ice beasts
  An ogre (D:5)
  4 black bears
  18 wolves
  12 centaurs
  2 phantoms
  10 small abominations (Lair:5)
  A gnoll sergeant (D:7)
  3 kobold brigands
  11 bullfrogs
  4 necrophages
  3 scorpions (D:5)
  7 wights
  38 killer bees
  5 howler monkeys
  An electric eel (Lair:1)
  5 jellies (Lair:4)
  A gnoll bouda (D:7)
  13 orc priests
  A hound (D:4)
  3 iron imps (D:8)
  An iguana (D:6)
  13 hell rats (Lair:2)
  12 orc wizards
  17 gnolls
  5 adders
  4 white imps
  2 ufetubi (D:4)
  2 worms
  2 dart slugs
  42 orcs
  4 ball pythons
  10 bats
  3 endoplasms
  4 giant cockroaches
  6 hobgoblins
  3 jackals (D:3)
  20 kobolds
  3 quokkas
  4 frilled lizards
  6 goblins
  5 rats
485 creatures vanquished.

Vanquished Creatures (others)
  15 fungi
  23 plants
38 creatures vanquished.

Grand Total: 523 creatures vanquished

Notes
Turn   | Place    | Note
-------+----------+-------------------------------------------
     0 | D:1      | Iich the Minotaur Fighter began the quest for the Orb.
     0 | D:1      | Reached XP level 1. HP: 19/19 MP: 0/0
   207 | D:1      | Reached skill level 3 in Axes
   262 | D:1      | Found Saudaf's Antique Weapon Shoppe.
   268 | D:1      | Reached XP level 2. HP: 27/27 MP: 1/1
   992 | D:2      | Found a blossoming altar of Fedhas.
  1055 | D:2      | Reached XP level 3. HP: 29/33 MP: 2/2
  1111 | D:2      | Reached skill level 4 in Axes
  1559 | D:3      | Identified a scroll of acquirement
  1560 | D:3      | Acquired a manual of Fighting
  1578 | D:3      | Found a radiant altar of Vehumet.
  1584 | D:3      | Reached XP level 4. HP: 41/41 MP: 3/3
  1865 | D:3      | Found Ysago's Distillery.
  1891 | D:3      | Bought a potion of heal wounds for 50 gold pieces
  2019 | D:4      | Reached skill level 5 in Fighting
  2019 | D:4      | Reached skill level 5 in Axes
  2037 | D:4      | Found a basalt altar of Yredelemnul.
  2124 | D:4      | Noticed Eustachio
  2169 | D:4      | Killed Eustachio
  2170 | D:4      | Reached skill level 6 in Axes
  2170 | D:4      | Reached XP level 5. HP: 39/50 MP: 4/4
  2338 | D:4      | Noticed a black bear
  2343 | D:4      | Killed a black bear
  2344 | D:4      | Reached XP level 6. HP: 49/58 MP: 5/5
  2488 | D:4      | Reached skill level 7 in Axes
  2642 | D:4      | Identified the +10 dagger of Mucis {heavy, rPois MP+9}
  2988 | D:5      | Entered Level 5 of the Dungeon
  2988 | D:5      | Found a staircase to the Ecumenical Temple.
  3000 | D:5      | Reached XP level 7. HP: 33/67 MP: 6/6
  3003 | D:5      | Reached skill level 8 in Axes
  3026 | Temple   | Entered the Ecumenical Temple
  3045 | Temple   | Became a worshipper of Gozag Ym Sagoz the Greedy
  3535 | D:5      | Reached skill level 9 in Axes
  3643 | D:5      | Reached XP level 8. HP: 57/78 MP: 7/7
  3978 | D:6      | Reached skill level 10 in Fighting
  3978 | D:6      | Reached skill level 10 in Axes
  3986 | D:6      | Noticed Prince Ribbit
  4010 | D:6      | Killed Prince Ribbit
  4294 | D:6      | Reached skill level 11 in Axes
  4679 | D:6      | Reached XP level 9. HP: 89/89 MP: 8/8
  4779 | D:7      | Reached skill level 12 in Axes
  5047 | D:7      | Found a runed translucent gate.
  5048 | D:7      | Found a runed translucent gate.
  5048 | D:7      | Found a runed translucent gate.
  5057 | D:7      | Noticed Splishie's ghost (novice GnWn)
  5302 | D:7      | Found a shimmering blue altar of Sif Muna.
  5302 | D:7      | Found a hazy altar of Hepliaklqana.
  6102 | D:7      | Killed an unseen horror
  6103 | D:7      | Reached skill level 13 in Axes
  6104 | D:7      | Killed Splishie's ghost
  6329 | D:8      | Reached skill level 14 in Axes
  6473 | D:8      | Noticed a two-headed ogre
  6482 | D:8      | Killed a two-headed ogre
  6483 | D:8      | Reached XP level 10. HP: 51/104 MP: 9/9
  6664 | D:8      | Found a burning altar of Makhleb.
  6734 | D:8      | Found a staircase to the Lair.
  6750 | D:8      | Reached skill level 15 in Axes
  6752 | D:8      | Reached skill level 15 in Fighting
  7084 | D:8      | Found Cavoy's Armour Shop.
  7092 | D:8      | Bought a +3 plate armour of cold resistance for 675 gold
                  | pieces
  7102 | D:8      | Bought a +0 tower shield of protection for 172 gold pieces
  7354 | D:9      | Noticed Pikel
  7359 | D:9      | Killed Pikel
  7775 | D:9      | Found a staircase to the Orcish Mines.
  7797 | D:9      | Reached skill level 5 in Shields
  7808 | D:9      | Reached skill level 16 in Axes
  8080 | D:10     | Entered Level 10 of the Dungeon
  8146 | D:10     | Noticed Erica
  8151 | D:10     | Reached XP level 11. HP: 89/114 MP: 10/10
  8162 | D:10     | Killed Erica
  8343 | D:10     | Acquired the +1 cloak "Hibuzxe" {*Corrode rN+ Str+2 Stlth+}
  8573 | D:10     | Found a snail-covered altar of Cheibriados.
  8606 | D:10     | Found a broken altar of Ashenzari.
  8793 | D:10     | Found a bloodstained altar of Trog.
  9173 | Lair:1   | Entered Level 1 of the Lair of Beasts
  9235 | Lair:1   | Noticed a boulder beetle
  9259 | Lair:1   | Reached skill level 17 in Axes
  9274 | Lair:1   | Killed a boulder beetle
 10159 | Lair:2   | Found a shimmering altar of Xom.
 10230 | Lair:2   | Noticed a death yak
 10230 | Lair:2   | Noticed a death yak
 10233 | Lair:2   | Noticed a death yak
 10236 | Lair:2   | Noticed a death yak
 10238 | Lair:2   | Noticed a death yak
 10239 | Lair:2   | Noticed a death yak
 10254 | Lair:2   | Killed a death yak
 10259 | Lair:2   | Killed a death yak
 10267 | Lair:2   | Killed a death yak
 10270 | Lair:2   | Killed a death yak
 10270 | Lair:2   | Killed a death yak
 10271 | Lair:2   | Reached skill level 18 in Axes
 10271 | Lair:2   | Reached XP level 12. HP: 40/125 MP: 11/11
 10274 | Lair:2   | Killed a death yak
 10732 | Lair:2   | Acquired a scarf of resistance
 11541 | Lair:3   | Found a hole to the Spider Nest.
 11744 | Lair:3   | Gained mutation: Your skin changes colour to match your
                  | surroundings (Stealth+). [potion of mutation]
 11744 | Lair:3   | Gained mutation: You have hidden genetic potential. [potion
                  | of mutation]
 11761 | Lair:3   | Identified the +6 falchion "Orb Guardian's Foe" {freeze,
                  | rPois rF+ Dex+3}
 11909 | Lair:3   | Reached skill level 19 in Axes
 12003 | Lair:3   | Acquired a +2 broad axe of venom
 12219 | Lair:3   | Found a staircase to the Swamp.
 12538 | Lair:4   | Noticed a catoblepas
 12539 | Lair:4   | Noticed a catoblepas
 12543 | Lair:4   | Killed a catoblepas
 12561 | Lair:4   | HP: 4/127 [barbs]
 13055 | Lair:4   | Killed a catoblepas
 13056 | Lair:4   | Reached skill level 10 in Shields
 13196 | Lair:4   | Found a staircase to the Slime Pits.
 13543 | Lair:4   | Reached XP level 13. HP: 120/136 MP: 12/12
 14078 | Lair:5   | Entered Level 5 of the Lair of Beasts
 14087 | Lair:5   | Reached skill level 20 in Axes
 14245 | Lair:5   | Found a snail-covered altar of Cheibriados.
 14327 | Lair:5   | Found a transporter.
 14346 | Lair:5   | Noticed timneilson's ghost (journeyman GrFi)
 14361 | Lair:5   | Found a transporter.
 14455 | Lair:5   | Gained mutation: You have sharp toenails. [hidden
                  | potential]
 15073 | Lair:5   | Reached skill level 21 in Axes
 15483 | Lair:5   | Found a corrupted altar of Lugonu.
 15483 | Lair:5   | Found a one-way gate to the infinite horrors of the Abyss.
 15490 | Lair:5   | Identified the +5 shortbow of Crusades {heavy, Contam Will+
                  | SInv Stlth+}
 15856 | D:11     | Found a transporter.
 16094 | D:11     | Noticed Erolcha
 16104 | D:11     | Killed Erolcha
 16105 | D:11     | Reached XP level 14. HP: 133/146 MP: 13/13
 16447 | D:11     | Found a transporter.
 16488 | D:11     | Identified the ring of Saemist {rF+ rC+ Will- Str+6}
 16821 | D:11     | Reached skill level 22 in Axes
 16857 | D:11     | Identified the +8 war axe "Zameh" {distort, Will+}
 17378 | D:12     | Gained mutation: You are partially covered in iridescent
                  | scales. (AC +2) [hidden potential]
 17378 | D:12     | Lost mutation: You have hidden genetic potential. [hidden
                  | potential expressed]
 17408 | D:12     | Noticed Josephine
 17421 | D:12     | Killed Josephine
 17504 | D:12     | Lost mutation: You have sharp toenails. [potion of
                  | mutation]
 17504 | D:12     | Lost mutation: Your skin changes colour to match your
                  | surroundings (Stealth+). [potion of mutation]
 17504 | D:12     | Gained mutation: You have large cloven feet. [potion of
                  | mutation]
 17505 | D:12     | Lost mutation: You are partially covered in iridescent
                  | scales. (AC +2) [potion of mutation]
 17505 | D:12     | Lost mutation: You have large cloven feet. [potion of
                  | mutation]
 17505 | D:12     | Gained mutation: Your spells are a little harder to cast,
                  | but a little more powerful. [potion of mutation]
 17505 | D:12     | Gained mutation: Your natural rate of healing is unusually
                  | fast. [potion of mutation]
 17505 | D:12     | Gained mutation: Your muscles are strong. (Str +4, Int/Dex
                  | -1) [potion of mutation]
 17707 | D:13     | Noticed Urug
 17714 | D:13     | Killed Urug
 17859 | D:13     | Noticed Rupert
 17872 | D:13     | HP: 1/148 [Rupert/+1 heavy great mace (41)]
 17872 | D:13     | Slain by a centaur warrior

Illustrated notes

Levels and vault maps discovered:
D:1:      arrival_zaba_pyramid, layout_basic, serial_shops, shop, serial_rivers,
          chequers_serial_rivers_small_b, chequers_serial_rivers_micro_c,
          chequers_serial_rivers_small_3, chequers_serial_rivers_micro_c,
          chequers_serial_rivers_micro_e, chequers_serial_rivers_small_a
D:2:      layout_loops_ring, basic_altar
D:3:      layout_basic, fiery_altar_vehumet, serial_shops, shop_statue
D:4:      layout_basic, mainiacjoe_overflow_small_starburst, uniq_eustachio
D:5:      layout_rooms, minmay_temple_entry_offerings
D:6:      layout_loops_cross, moated_statue, uniq_prince_ribbit1
D:7:      layout_loops_corners, mainiacjoe_overflow_divided_tiny,
          gammafunk_ghost_split
D:8:      layout_rooms, demons_altar, david_lair_generic, serial_shops, shop
D:9:      layout_rooms, orc_0_dummy, uniq_pikel
D:10:     layout_roguey, mainiacjoe_overflow_two_lobes,
          dreamdust_deal_with_the_devil, david_defended_altar_orc, uniq_erica
D:11:     gammafunk_wand_slinger, layout_gridville, minivault_7, uniq_erolcha
D:12:     layout_roguey, uniq_josephine
D:13:     layout_long_grid, uniq_urug, uniq_rupert
Temple:   hellmonk_temple_two_chambers
Lair:1:   layout_loops_ring, roderic_batcave, serial_bayou_shore_a
Lair:2:   layout_gridlike, lemuel_centaur_altar
Lair:3:   layout_regular_city, skrybe_swamp_entry_bodies,
          spider_nest_entry_web_field, serial_bayou_lagoon_b
Lair:4:   nzn_motion_control, layout_long_grid, nicolae_slime_entry_slimehenge,
          bobbens_ice_dragon_lair
Lair:5:   hellmonk_lair_end_abyssal_woods, layout_misc_corridors, basic_altar,
          nzn_ghost_randoct, serial_bayou_shore_b

Skill      XL: |  1  2  3  4  5  6  7  8  9 10 11 12 13 14 |
---------------+-------------------------------------------+-----
Axes           | 3 4 6 7 9 11 14 16 18 19 21 22 | 22.7
Fighting       | 4 6 7 9 11 14 16 17 18 19 20 | 20.1
Shields        | 5 8 10 | 10.8
Armour         | |  3.6

Action                     |  1- 3 |  4- 6 |  7- 9 | 10-12 | 13-15 || total
---------------------------+-------+-------+-------+-------+-------++-------
  Melee: War axe           |    81 |   123 |   246 |   435 |       ||   885
         Headbutt          |     9 |    19 |    43 |    96 |    62 ||   229
         Broad axe         |       |       |       |    57 |   327 ||   384
 Invoke: Potion Petition   |       |       |       |     1 |       ||     1
  Evoke: Wand              |       |       |     1 |       |     1 ||     2
    Use: Potion            |     3 |       |     1 |     8 |     9 ||    21
         Scroll            |     4 |     3 |     3 |    12 |     6 ||    28
   Stab: Invisible         |       |       |       |    18 |       ||    18
         Distracted        |       |       |       |     2 |     2 ||     4
 Armour: Scale mail        |    36 |    92 |   110 |    28 |       ||   266
         Plate armour      |       |       |       |   321 |   222 ||   543
  Dodge: Dodged            |    36 |    49 |   148 |   200 |    91 ||   524
  Block: Buckler           |     9 |    40 |    63 |     9 |       ||   121
         Tower shield      |       |       |       |   446 |   310 ||   756

Table legend: (Time is in decaauts)
 A = Elapsed time spent in this place.
 B = Non-inter-level travel time spent in this place.
 C = Inter-level travel time spent in this place.
 D = Time resting spent in this place.
 E = Time spent auto-exploring this place.
 F = Levels seen in this place.
 G = Mean time per level.
                   A        B        C        D        E       F      G
               +--------+--------+--------+--------+--------+-----+--------+
         Total |  18080 |  17461 |    619 |    943 |  13345 |  19 |  951.6 |
       Dungeon |  11145 |  10697 |    448 |    241 |   8424 |  13 |  857.3 |
        Temple |    254 |    254 |      0 |    226 |      0 |   1 |  254.0 |
          Lair |   6680 |   6510 |    170 |    476 |   4921 |   5 | 1336.0 |
               +--------+--------+--------+--------+--------+-----+--------+

Top non-repeatable levels by time:
  Lair:5: 1663 daAuts
     D:7: 1504 daAuts
  Lair:3: 1496 daAuts
  Lair:2: 1438 daAuts
    D:11: 1347 daAuts
  Lair:4: 1108 daAuts
     D:4: 1055 daAuts
    D:10: 1052 daAuts
     D:8: 1032 daAuts
  Lair:1: 973 daAuts
     D:6: 901 daAuts
     D:9: 890 daAuts
     D:1: 717 daAuts
     D:2: 711 daAuts
     D:5: 606 daAuts
